 Dungeon Crawl Stone Soup version 0.31-a0-175-g9f7f995f2b (webtiles) character file.

Game seed: 4848173882322599565

218647 qw the Slayer (level 19, -2/137 HPs)
             Began as a Gargoyle Hunter on June 17, 2023.
             Was a High Priest of Okawaru.
             Slain by a deep troll (15 damage)
             ... led by an ironbound preserver
             ... on level 1 of the Vaults.
             The game lasted 00:15:50 (28710 turns).

qw the Slayer (Gargoyle Hunter)                    Turns: 28710, Time: 00:15:51

Health: -2/137     AC: 36    Str: 17    XL:     19   Next: 12%
Magic:  26/26      EV: 29    Int: 12    God:    Okawaru [*****.]
Gold:   1303       SH:  0    Dex: 19    Spells: 18/18 levels left

rFire   + . .        a - +6 longbow of the Badger {heavy, rElec rF+}
rCold   + . .        (shield currently unavailable)
rNeg    + . .        w - +1 troll leather armour {Snorg}
rPois   inf          e - +2 helmet
rElec   +            u - +2 cloak
rCorr   +            v - +1 pair of gloves of Serendipity {Str+2}
SInv    +            A - +2 pair of boots
Will    +....        p - amulet of faith
Stlth   +++          D - ring "Myl Vuown" {rC+ rCorr SInv}
HPRegen 1.22/turn    E - +5 ring of evasion
MPRegen 0.20/turn

%: faith
@: about to teleport, heroic, flying
A: sickness immunity, AC +14, big wings, negative energy resistance 1,
electricity resistance, torment resistance 1, petrification resistance
}: 1/15 runes: serpentine
a: Renounce Religion, Heroism, Finesse, Duel


You were on level 1 of the Vaults.
You worshipped Okawaru.
Okawaru was extremely pleased with you.
You visited 7 branches of the dungeon, and saw 31 of its levels.
You also visited: Sewer.

You collected 3558 gold pieces.
You spent 2255 gold pieces at shops.


Innate Abilities, Weirdness & Mutations

You are immune to sickness and miasma.
Your stone body is resilient. (AC +14)
You are immune to poison.
Your large and strong wings let you fly.
You resist negative energy. (rN+)
You are resistant to electric shocks. (rElec)
You are resistant to unholy torment.
You are immune to petrification.


   Skills:
 - Level 21.0(26.0) Fighting
 - Level 20.0(25.0) Ranged Weapons
 - Level 12.0(17.0) Armour
 + Level 12.9(17.9) Dodging
 - Level 1.1(6.1) Stealth
 - Level 10.0 Invocations


You had 18 spell levels left.
You didn't know any spells.
Your spell library was empty.

Inventory:

Hand Weapons
 a - the +6 longbow of the Badger (weapon) {heavy, rElec rF+}
   (Okawaru gifted it to you on level 5 of the Lair of Beasts)

   rF:        It protects you from fire.
   rElec:     It insulates you from electricity.
 l - a +0 longbow
Armour
 e - a +2 helmet (worn)
 k - +0 acid dragon scales
 q - a +3 leather armour of cold resistance
 r - a +2 ring mail of fire resistance
 u - a +2 cloak (worn)
 v - the +1 pair of gloves of Serendipity (worn) {Str+2}
   (Okawaru gifted it to you on level 1 of the Lair of Beasts)

   Str:       It affects your strength (+2).
 w - a +1 troll leather armour (worn) {Snorg}
 A - a +2 pair of boots (worn)
Jewellery
 p - an amulet of faith (around neck)
 s - a ring of fire
 x - a ring of protection from fire
 B - a +4 ring of slaying {mikee}
 C - a ring of resist corrosion
 D - the ring "Myl Vuown" (left hand) {rC+ rCorr SInv}
   (You found it on level 14 of the Dungeon)

   [ring of resist corrosion]

   rC:        It protects you from cold.
   SInv:      It lets you see invisible.
   rCorr:     It protects you from acid and corrosion.
 E - a +5 ring of evasion (right hand)
 F - an amulet of reflection
Wands
 H - a wand of digging (8)
Scrolls
 h - 17 scrolls of identify
 y - 4 scrolls of enchant weapon
 G - a scroll of enchant armour
Potions
 b - a potion of cancellation
 c - 5 potions of mutation
 f - 7 potions of attraction
 g - 2 potions of resistance
 j - 7 potions of enlightenment
 m - 11 potions of curing
 n - 3 potions of might
 o - 4 potions of magic
 t - a potion of haste
 z - 3 potions of lignification

Dungeon Overview and Level Annotations

Branches:
Dungeon (15/15)            Temple (1/1) D:4            Lair (5/5) D:9
 Shoals (3/4) Lair:2        Snake (4/4) Lair:3        Slime (0/5) Lair:5
    Orc (2/2) D:12            Elf (0/3) Orc:2        Vaults (1/5) D:13
 Depths (0/4) D:15          Sewer (visited)

Altars:
Ashenzari
Cheibriados
Dithmenos
Elyvilon
Fedhas
Gozag
Hepliaklqana
Kikubaaqudgha
Makhleb
Nemelex Xobeh
Okawaru
Qazlal
Ru
Sif Muna
Trog
Uskayaw
Vehumet
Wu Jian
Xom
Yredelemnul
Zin
The Shining One
Jiyva

Shops:
D:11 :(***   Orc:2 ((*=   Snake:2 =::   Snake:3 :

Annotations:
D:7 3 runed translucent doors, qw's ghost, novice GrHu
D:11 3 runed translucent doors, qw's ghost, journeyman GrHu
D:14 2 transporters, Lupuqaw's ghost, journeyman GrFi
D:15 2 runed translucent doors, AyAyRon's ghost, adept DsFi
Lair:1 2 transporters, qw's ghost, novice GrFi
Shoals:2 1 runed translucent door


Message History

The deep troll barely misses you. The deep troll completely misses you.
The deep troll claws you but does no damage.
The deep troll bites you.
The deep troll claws you but does no damage.
The deep troll closely misses you. The yaktaur closely misses you.
The yaktaur barely misses you.
You shoot an arrow. The arrow hits the yaktaur!
The yaktaur is almost dead.
The yaktaur captain hits you.
The ironbound convoker completely misses you.
The deep troll closely misses you. The deep troll claws you!
The deep troll barely misses you. The deep troll completely misses you.
The deep troll claws you but does no damage.
The deep troll misses you. The deep troll barely misses you.
The deep troll closely misses you. The deep troll completely misses you.
The deep troll bites you.
The deep troll claws you but does no damage.
The deep troll closely misses you. The yaktaur completely misses you.
The yaktaur misses you.
28709 ||| READING scroll of teleportation.
As you read the scroll of teleportation, it crumbles to dust.
You feel strangely unstable.
The ironbound convoker closely misses you.
The yaktaur captain hits you. The deep troll misses you.
The deep troll completely misses you. x2; The deep troll bites you!!
The deep troll misses you. The deep troll completely misses you.
The deep troll bites you but does no damage.
The deep troll closely misses you. The deep troll barely misses you.
The deep troll misses you. The deep troll completely misses you.
The deep troll misses you. The yaktaur barely misses you.
The yaktaur completely misses you.
You shoot an arrow. The arrow hits the yaktaur!!!
You kill the yaktaur!
Okawaru accepts your kill.
The yaktaur captain completely misses you.
The ironbound convoker completely misses you.
The deep troll closely misses you.
The deep troll claws you but does no damage.
The deep troll barely misses you. The deep troll bites you!
You die...

#......# #......#
#......#
#......################
#.....................)
##.....c................
......TpT...............
.....Tc@c...............
......TTc...............
......c.................
....................[...
...)#################...
.... ########... ...
#......'... ..
#......#... #......#...


You could see a yaktaur captain, 5 deep trolls, an ironbound convoker and 4
yaktaurs.

Vanquished Creatures
  Nikola (Shoals:3)
  Jorgrun (D:15)
  Mlioglotl (Snake:1)
  Rupert (Snake:1)
  Polyphemus (Shoals:2)
  Ilsuiw (Shoals:2)
  An azure jelly (Lair:5)
  8 nagarajas (Snake:4)
  A vault warden (Vaults:1)
  Aizul (Snake:1)
  An orc warlord (Orc:2)
  5 ironbound preservers (Vaults:1)
  Snorg (D:10)
  Josephine (D:11)
  A crystal guardian (Vaults:1)
  2 merfolk javelineers
  An entropy weaver (Vaults:1)
  6 hydras
  4 merfolk impalers (Shoals:2)
  A salamander tyrant (Snake:4)
  A peacekeeper (Vaults:1)
  13 anacondas
  A catoblepas (Shoals:2)
  A boulder beetle (D:12)
  2 merfolk avatars
  3 centaur warriors
  4 merfolk aquamancers (Shoals:3)
  A satyr (Shoals:3)
  5 two-headed ogres
  7 orc high priests (Orc:2)
  A tengu warrior (D:14)
  18 naga warriors
  24 death yaks
  14 naga sharpshooters
  Sonja (Lair:2)
  6 skysharks
  A salamander mystic (Snake:2)
  11 sea snakes
  13 deep trolls (Vaults:1)
  2 necromancers
  7 orc knights
  A wizard (D:15)
  14 naga ritualists
  A lindwurm (Lair:2)
  A deep elf pyromancer (D:15)
  A deep elf zephyrmancer (D:15)
  9 harpies
  A wolf spider zombie (D:15)
  6 orc sorcerers
  10 mana vipers
  An ugly thing (D:10)
  7 salamanders
  9 fauns (Shoals:1)
  6 manticores
  9 cyclopes
  50 black mambas
  15 elephants
  An ice statue (D:10)
  4 merfolk sirens
  6 guardian serpents (Snake:4)
  8 water nymphs
  22 naga magi
  An eye of devastation (Lair:5)
  10 cane toads
  A centaur skeleton (D:15)
  A gargoyle (D:11)
  2 torpor snails (Lair:5)
  2 unseen horrors
  Psyche (D:11)
  4 rime drakes
  2 freezing wraiths (D:14)
  10 komodo dragons
  An efreet (D:15)
  A yaktaur (Vaults:1)
  7 trolls
  9 wind drakes
  3 meliai (D:14)
  17 merfolk
  3 polar bears
  A hornet (D:8)
  18 blink frogs
  Prince Ribbit (D:7)
  5 snapping turtles
  7 slime creatures
  4 dream sheep (Shoals:2)
  A centaur simulacrum (D:15)
  Sigmund (D:2)
  A vampire (D:12)
  13 water elementals
  A shadow (D:13)
  5 wraiths
  7 wyverns
  Eustachio (D:5)
  2 steam dragons
  3 basilisks
  47 yaks
  9 vampire mosquitoes
  Menkaure (D:6)
  3 redbacks (Vaults:1)
  4 wargs
  44 nagas
  2 acid dragons
  Duvessa (D:4)
  15 water moccasins
  A floating eye (Lair:5)
  46 orc warriors
  An ice beast (D:6)
  2 sky beasts
  Pargi (Sewer)
  2 black bears
  3 wolves (Lair:2)
  7 boggarts (D:15)
  11 ogres
  7 centaurs
  2 kobold brigands
  13 bullfrogs
  A scorpion (D:6)
  2 gnoll sergeants (D:9)
  A hornet simulacrum (D:14)
  Dowan (D:4)
  14 killer bees
  3 electric eels
  A howler monkey (D:5)
  5 crimson imps (D:14)
  2 hounds
  8 jellies
  31 orc priests
  3 iguanas
  2 gnoll boudas
  Terence (D:2)
  7 hell rats (Lair:3)
  2 sleepcaps
  24 orc wizards
  2 boggart skeletons (D:15)
  Robin (D:4)
  14 gnolls
  A river rat (D:3)
  5 adders
  3 shadow imps
  2 white imps (D:14)
  An ufetubus (D:4)
  3 worms
  6 dart slugs
  140 orcs
  3 ball pythons
  14 bats
  12 endoplasms
  3 giant cockroaches
  13 goblins
  9 hobgoblins
  7 quokkas
  4 frilled lizards
  11 kobolds
  9 rats
1097 creatures vanquished.

Vanquished Creatures (others)
  A satyr (Shoals:3)
  A naga mage (Snake:4)
  A guardian serpent (Snake:4)
  A naga (Snake:4)
  An orc (Orc:2)
5 creatures vanquished.

Grand Total: 1102 creatures vanquished

Notes
Turn   | Place    | Note
-------+----------+-------------------------------------------
     0 | D:1      | qw the Gargoyle Hunter began the quest for the Orb.
     0 | D:1      | Reached XP level 1. HP: 12/12 MP: 1/1
     0 | D:1      | 0 ||| qw: Version: 0.3-a-2-g5ab2908
     0 | D:1      | 0 ||| qw: Game counter: 363
     0 | D:1      | 0 ||| qw: Always use a shield: true
     0 | D:1      | 0 ||| qw: God list: Okawaru
     0 | D:1      | 0 ||| qw: Allow faded altars: false
     0 | D:1      | 0 ||| qw: Do Orc after D:15 true
     0 | D:1      | 0 ||| qw: Do second Lair branch before Depths: true
     0 | D:1      | 0 ||| qw: Lair rune preference: random
     0 | D:1      | 0 ||| qw: Plans: Normal, Zot:1-4, Slime:5, God:TSO, Crypt,
                  | Tomb, Abyss, Pan, Hells, Win
     0 | D:1      | 0 ||| PLANNING D:1-11
    97 | D:1      | Reached XP level 2. HP: 17/17 MP: 2/2
   587 | D:1      | Reached XP level 3. HP: 21/21 MP: 3/3
   912 | D:1      | 912 ||| UPGRADING to +0 helmet.
   917 | D:1      | 917 ||| DRINKING 2 fuming white potions.
  1022 | D:1      | 1022 ||| DRINKING 2 fizzy blue potions.
  1027 | D:1      | 1027 ||| DROPPING scroll of butterflies.
  1028 | D:1      | 1028 ||| DROPPING potion of berserk rage.
  1029 | D:1      | 1029 ||| DROPPING potion of ambrosia.
  1080 | D:2      | Identified the +10 orcbow "Meg Xexa" {freeze, Str+4 SInv}
  1082 | D:2      | 1082 ||| SWAPPING to +10 orcbow "Meg Xexa" {freeze, Str+4
                  | SInv}.
  1257 | D:2      | Reached skill level 3 in Fighting
  1283 | D:2      | Noticed Sigmund
  1288 | D:2      | Killed Sigmund
  1289 | D:2      | Reached skill level 6 in Ranged Weapons
  1289 | D:2      | Reached XP level 4. HP: 23/28 MP: 4/4
  1289 | D:2      | Reached XP level 5. HP: 26/32 MP: 5/5
  1540 | D:2      | Noticed Terence
  1542 | D:2      | Killed Terence
  1543 | D:2      | Reached skill level 1 in Armour
  1543 | D:2      | Reached XP level 6. HP: 37/37 MP: 6/6
  1589 | D:2      | 1589 ||| READING scroll labelled DAGHOL SUAR.
  1590 | D:2      | 1590 ||| READING 2 scrolls labelled KAGGAUHOHO.
  1591 | D:2      | 1591 ||| READING 2 scrolls labelled TIULEPPYTIX.
  1596 | D:2      | 1596 ||| READING scroll labelled FUEHEOVOGG.
  1597 | D:2      | 1597 ||| DRINKING 2 fuming grey potions.
  1610 | D:3      | 1610 ||| PLANNING SEWER
  1781 | D:3      | Found a radiant altar of Vehumet.
  1793 | D:3      | Found a basalt altar of Yredelemnul.
  1818 | D:3      | Found a glowing drain.
  1822 | D:3      | 1822 ||| READING scroll labelled YBOTEUNWAF.
  1823 | D:3      | 1823 ||| READING scroll labelled FEHIYKUE RUISKI.
  1824 | D:3      | 1824 ||| READING 2 scrolls of identify.
  1824 | D:3      | 1824 ||| IDENTIFYING metallic purple potion
  1840 | Sewer    | Entered a sewer
  1875 | Sewer    | Noticed Pargi
  1881 | Sewer    | Killed Pargi
  1882 | Sewer    | Reached skill level 4 in Fighting
  1911 | Sewer    | 1911 ||| READING scroll labelled GUD FEGANIUMIPT.
  1932 | D:3      | 1932 ||| PLANNING D:1-11
  2250 | D:3      | 2250 ||| READING scroll labelled DONYRGHOXUE.
  2251 | D:3      | 2251 ||| READING scroll labelled BEULEL SUUBU.
  2274 | D:4      | Found a staircase to the Ecumenical Temple.
  2275 | D:4      | 2275 ||| PLANNING TEMPLE
  2357 | D:4      | Reached XP level 7. HP: 36/44 MP: 7/7
  2387 | Temple   | Entered the Ecumenical Temple
  2387 | Temple   | Found a transporter.
  2387 | Temple   | Found a transporter.
  2389 | Temple   | Found a transporter.
  2389 | Temple   | Found a transporter.
  2398 | Temple   | 2398 ||| PLANNING OKAWARU WORSHIP
  2405 | Temple   | Became a worshipper of Warmaster Okawaru
  2406 | Temple   | 2406 ||| PLANNING D:1-11
  2620 | D:4      | Noticed Robin
  2625 | D:4      | Killed Robin
  2759 | D:4      | Noticed Duvessa
  2760 | D:4      | Noticed Dowan
  2763 | D:4      | Killed Duvessa
  2768 | D:4      | Killed Dowan
  2986 | D:4      | 2986 ||| DRINKING 3 emerald potions.
  2987 | D:4      | 2987 ||| DRINKING 2 green potions.
  2988 | D:4      | 2988 ||| READING 2 scrolls of identify.
  2988 | D:4      | 2988 ||| IDENTIFYING clear potion
  3040 | D:5      | Entered Level 5 of the Dungeon
  3062 | D:5      | Reached * piety under Okawaru
  3077 | D:5      | 3077 ||| READING scroll of enchant armour.
  3077 | D:5      | 3077 ||| ENCHANTING +0 helmet.
  3104 | D:5      | Reached skill level 1 in Invocations
  3131 | D:5      | Noticed Eustachio
  3132 | D:5      | 3132 ||| INVOKING Heroism.
  3147 | D:5      | Killed Eustachio
  3148 | D:5      | Reached skill level 5 in Fighting
  3148 | D:5      | Reached XP level 8. HP: 46/49 MP: 6/9
  3478 | D:5      | 3478 ||| UPGRADING to +4 ring of slaying {mikee}.
  3514 | D:6      | Reached skill level 3 in Invocations
  3524 | D:6      | Identified the +8 sling of Ypnapirch {drain, Str+2}
  3605 | D:6      | Noticed Menkaure
  3606 | D:6      | 3606 ||| INVOKING Heroism.
  3607 | D:6      | Killed Menkaure
  3681 | D:6      | 3681 ||| INVOKING Heroism.
  3782 | D:6      | Reached skill level 9 in Ranged Weapons
  3885 | D:6      | Reached skill level 6 in Fighting
  4124 | D:6      | 4124 ||| READING scroll of enchant armour.
  4124 | D:6      | 4124 ||| ENCHANTING +1 helmet.
  4288 | D:6      | Reached ** piety under Okawaru
  4289 | D:6      | Reached XP level 9. HP: 55/55 MP: 12/12
  4404 | D:6      | 4404 ||| UPGRADING to +0 ring mail.
  4414 | D:6      | 4414 ||| DROPPING +0 leather armour.
  4415 | D:6      | 4415 ||| READING scroll labelled DUNUR POGYKU.
  4416 | D:6      | 4416 ||| READING scroll labelled LUUDANA JIEHIL.
  4417 | D:6      | 4417 ||| DRINKING 2 orange potions.
  4418 | D:6      | 4418 ||| DROPPING potion of degeneration.
  4479 | D:7      | Found a glowing silver altar of Zin.
  4528 | D:7      | Reached skill level 3 in Armour
  4585 | D:7      | Noticed qw's ghost (novice GrHu)
  4586 | D:7      | Found a runed translucent gate.
  4586 | D:7      | Identified the +1 chain mail "Botulaf" {rC+ Will+ MP-9}
  4587 | D:7      | Found a runed translucent gate.
  4588 | D:7      | Found a runed translucent gate.
  4785 | D:7      | Noticed Prince Ribbit
  4786 | D:7      | 4786 ||| INVOKING Heroism.
  4789 | D:7      | Killed Prince Ribbit
  4850 | D:7      | Found a blossoming altar of Fedhas.
  5259 | D:7      | 5259 ||| DRINKING 2 metallic red potions.
  5260 | D:7      | 5260 ||| READING 3 scrolls of identify.
  5260 | D:7      | 5260 ||| IDENTIFYING golden potion
  5261 | D:7      | 5261 ||| READING 2 scrolls of identify.
  5261 | D:7      | 5261 ||| IDENTIFYING fuming inky potion
  5262 | D:7      | 5262 ||| DROPPING potion of invisibility.
  5340 | D:8      | 5340 ||| FLEEEEING.
  5341 | D:8      | 5341 ||| FLEEEEING.
  5342 | D:8      | 5342 ||| FLEEEEING.
  5355 | D:8      | 5355 ||| FLEEEEING.
  5356 | D:8      | 5356 ||| FLEEEEING.
  5357 | D:8      | 5357 ||| STAIRDANCE
  5504 | D:8      | 5504 ||| STAIRDANCE
  5672 | D:8      | Identified the +3 leather armour of the Orb {rElec}
  5683 | D:8      | Found a shimmering altar of Xom.
  5749 | D:8      | Reached skill level 7 in Fighting
  5750 | D:8      | 5750 ||| INVOKING Heroism.
  5852 | D:8      | Found a sparkling altar of Nemelex Xobeh.
  5892 | D:8      | 5892 ||| INVOKING Heroism.
  5972 | D:8      | 5972 ||| DROPPING +0 shortbow.
  6011 | D:8      | Noticed a hornet
  6015 | D:8      | Killed a hornet
  6016 | D:8      | Reached skill level 3 in Dodging
  6049 | D:8      | 6049 ||| INVOKING Heroism.
  6052 | D:8      | Reached *** piety under Okawaru
  6171 | D:8      | 6171 ||| UPGRADING to +2 robe of cold resistance.
  6181 | D:8      | 6181 ||| UPGRADING to +0 pair of gloves.
  6186 | D:8      | 6186 ||| DROPPING +0 ring mail.
  6187 | D:8      | 6187 ||| READING scroll of enchant armour.
  6187 | D:8      | 6187 ||| ENCHANTING +0 pair of gloves.
  6188 | D:8      | 6188 ||| READING scroll labelled LIFIRIZID.
  6236 | D:9      | Noticed a two-headed ogre
  6237 | D:9      | 6237 ||| INVOKING Heroism.
  6240 | D:9      | Killed a two-headed ogre
  6241 | D:9      | Reached skill level 9 in Fighting
  6241 | D:9      | Reached XP level 10. HP: 66/66 MP: 10/13
  6269 | D:9      | 6269 ||| Stepping ~*~*~tactically~*~*~ (outnumbered).
  6271 | D:9      | 6271 ||| Stepping ~*~*~tactically~*~*~ (outnumbered).
  6280 | D:9      | 6280 ||| INVOKING Heroism.
  6296 | D:9      | Reached **** piety under Okawaru
  6354 | D:9      | 6354 ||| Stepping ~*~*~tactically~*~*~ (outnumbered).
  6359 | D:9      | 6359 ||| Stepping ~*~*~tactically~*~*~ (outnumbered).
  6361 | D:9      | 6361 ||| Stepping ~*~*~tactically~*~*~ (outnumbered).
  6366 | D:9      | 6366 ||| Stepping ~*~*~tactically~*~*~ (outnumbered).
  6373 | D:9      | 6373 ||| FLEEEEING.
  6510 | D:9      | Found a staircase to the Lair.
  6587 | D:9      | Found a bloodstained altar of Trog.
  6601 | D:9      | 6601 ||| Stepping ~*~*~tactically~*~*~ (outnumbered).
  6613 | D:9      | 6613 ||| INVOKING Heroism.
  6728 | D:9      | 6728 ||| Stepping ~*~*~tactically~*~*~ (outnumbered).
  6730 | D:9      | 6730 ||| Stepping ~*~*~tactically~*~*~ (outnumbered).
  7032 | D:9      | 7032 ||| PLANNING LAIR
  7032 | D:9      | 7032 ||| READING 2 scrolls of identify.
  7032 | D:9      | 7032 ||| IDENTIFYING smoky dark potion
  7057 | Lair:1   | Entered Level 1 of the Lair of Beasts
  7058 | Lair:1   | 7058 ||| INVOKING Heroism.
  7063 | Lair:1   | Reached skill level 6 in Invocations
  7068 | Lair:1   | Reached skill level 12 in Ranged Weapons
  7172 | Lair:1   | Found a transporter.
  7173 | Lair:1   | Found a transporter.
  7183 | Lair:1   | 7183 ||| INVOKING Heroism.
  7192 | Lair:1   | Reached XP level 11. HP: 71/71 MP: 12/16
  7197 | Lair:1   | Reached ***** piety under Okawaru
  7254 | Lair:1   | Noticed a death yak
  7255 | Lair:1   | Noticed a death yak
  7255 | Lair:1   | Noticed a death yak
  7255 | Lair:1   | Noticed a death yak
  7256 | Lair:1   | 7256 ||| INVOKING Heroism.
  7257 | Lair:1   | 7257 ||| INVOKING Finesse.
  7257 | Lair:1   | Noticed a death yak
  7258 | Lair:1   | 7258 ||| INVOKING Finesse.
  7260 | Lair:1   | Killed a death yak
  7261 | Lair:1   | Noticed a death yak
  7273 | Lair:1   | Killed a death yak
  7279 | Lair:1   | Killed a death yak
  7283 | Lair:1   | Killed a death yak
  7283 | Lair:1   | Identified the +1 pair of gloves of Serendipity {Str+2}
                  | (Okawaru gifted it to you on level 1 of the Lair of Beasts)
  7283 | Lair:1   | Received a gift from Okawaru
  7284 | Lair:1   | Reached skill level 9 in Invocations
  7291 | Lair:1   | Killed a death yak
  7300 | Lair:1   | Killed a death yak
  7304 | Lair:1   | HP: 16/71 [yak (5)]
  7305 | Lair:1   | 7305 ||| READING 4 scrolls of teleportation.
  7305 | Lair:1   | HP: 1/71 [yak (13)]
  7306 | Lair:1   | 7306 ||| DRINKING 3 potions of heal wounds.
  7347 | Lair:1   | Reached XP level 12. HP: 24/76 MP: 14/19
  7366 | Lair:1   | 7366 ||| INVOKING Heroism.
  7402 | Lair:1   | Reached skill level 10 in Fighting
  7427 | Lair:1   | 7427 ||| INVOKING Heroism.
  7867 | Lair:1   | Noticed qw's ghost (novice GrFi)
  8315 | Lair:1   | 8315 ||| UPGRADING to +0 cloak.
  8320 | Lair:1   | 8320 ||| UPGRADING to +1 pair of gloves of Serendipity
                  | {Str+2}.
  8330 | Lair:1   | 8330 ||| DROPPING +1 pair of gloves.
  8331 | Lair:1   | 8331 ||| READING scroll labelled XEAPELU JINAL.
  8472 | Lair:2   | Noticed a death yak
  8472 | Lair:2   | Noticed a death yak
  8473 | Lair:2   | 8473 ||| INVOKING Heroism.
  8473 | Lair:2   | Noticed a death yak
  8474 | Lair:2   | 8474 ||| INVOKING Finesse.
  8474 | Lair:2   | Noticed a death yak
  8482 | Lair:2   | Killed a death yak
  8491 | Lair:2   | Noticed a death yak
  8491 | Lair:2   | Noticed a death yak
  8494 | Lair:2   | Killed a death yak
  8499 | Lair:2   | Killed a death yak
  8503 | Lair:2   | Noticed a death yak
  8504 | Lair:2   | Killed a death yak
  8509 | Lair:2   | Noticed a death yak
  8512 | Lair:2   | Killed a death yak
  8512 | Lair:2   | Noticed a death yak
  8515 | Lair:2   | Noticed a death yak
  8519 | Lair:2   | Killed a death yak
  8524 | Lair:2   | 8524 ||| STAIRDANCE
  8524 | Lair:2   | HP: 15/77 [death yak (21)]
  8526 | Lair:1   | 8526 ||| READING 3 scrolls of teleportation.
  8527 | Lair:1   | 8527 ||| DRINKING 2 potions of heal wounds.
  8529 | Lair:1   | Killed a death yak
  8530 | Lair:1   | Reached skill level 15 in Ranged Weapons
  8633 | Lair:2   | 8633 ||| STAIRDANCE
  8635 | Lair:1   | 8635 ||| INVOKING Heroism.
  8636 | Lair:1   | 8636 ||| INVOKING Finesse.
  8639 | Lair:1   | Killed a death yak
  8643 | Lair:1   | Killed a death yak
  8648 | Lair:1   | Killed a death yak
  8854 | Lair:2   | 8854 ||| INVOKING Heroism.
  8909 | Lair:2   | Identified the +0 buckler "Vyutawnekh" {+Inv rC- Dex+2}
                  | (Okawaru gifted it to you on level 2 of the Lair of Beasts)
  8909 | Lair:2   | Received a gift from Okawaru
  8952 | Lair:2   | 8952 ||| INVOKING Heroism.
  8962 | Lair:2   | Reached XP level 13. HP: 83/83 MP: 18/20
  8980 | Lair:2   | Reached skill level 11 in Fighting
  9114 | Lair:2   | Found a staircase to the Shoals.
  9130 | Lair:2   | 9130 ||| Stepping ~*~*~tactically~*~*~ (water).
  9134 | Lair:2   | 9134 ||| Stepping ~*~*~tactically~*~*~ (outnumbered).
  9136 | Lair:2   | 9136 ||| Stepping ~*~*~tactically~*~*~ (outnumbered).
  9140 | Lair:2   | Reached skill level 6 in Dodging
  9247 | Lair:2   | 9247 ||| INVOKING Heroism.
  9552 | Lair:2   | Noticed Sonja
  9553 | Lair:2   | 9553 ||| INVOKING Finesse.
  9561 | Lair:2   | Killed Sonja
  9562 | Lair:2   | Reached skill level 12 in Fighting
 10170 | Lair:2   | 10170 ||| UPGRADING to +3 leather armour of cold
                  | resistance.
 10180 | Lair:2   | 10180 ||| DROPPING +2 robe of cold resistance.
 10181 | Lair:2   | 10181 ||| DROPPING +3 leather armour of the Orb {rElec}.
 10182 | Lair:2   | 10182 ||| DROPPING +6 ring of intelligence.
 10408 | Lair:3   | 10408 ||| READING scroll labelled UMELIA SANUI.
 10455 | Lair:3   | 10455 ||| Stepping ~*~*~tactically~*~*~ (outnumbered).
 10608 | Lair:3   | 10608 ||| Stepping ~*~*~tactically~*~*~ (outnumbered).
 10609 | Lair:3   | Found a staircase to the Snake Pit.
 10618 | Lair:3   | 10618 ||| Stepping ~*~*~tactically~*~*~ (outnumbered).
 10715 | Lair:3   | 10715 ||| INVOKING Heroism.
 10925 | Lair:3   | 10925 ||| INVOKING Heroism.
 11137 | Lair:4   | 11137 ||| INVOKING Heroism.
 11180 | Lair:4   | 11180 ||| INVOKING Heroism.
 11190 | Lair:4   | Reached skill level 13 in Fighting
 11293 | Lair:4   | 11293 ||| INVOKING Heroism.
 11842 | Lair:5   | Entered Level 5 of the Lair of Beasts
 11877 | Lair:5   | Identified the +6 longbow of the Badger {heavy, rElec rF+}
                  | (Okawaru gifted it to you on level 5 of the Lair of Beasts)
 11877 | Lair:5   | Received a gift from Okawaru
 11885 | Lair:5   | Reached skill level 6 in Armour
 11886 | Lair:5   | 11886 ||| INVOKING Heroism.
 12014 | Lair:5   | 12014 ||| INVOKING Heroism.
 12065 | Lair:5   | 12065 ||| FLEEEEING.
 12066 | Lair:5   | 12066 ||| FLEEEEING.
 12067 | Lair:5   | 12067 ||| FLEEEEING.
 12068 | Lair:5   | 12068 ||| FLEEEEING.
 12074 | Lair:5   | 12074 ||| FLEEEEING.
 12076 | Lair:5   | 12076 ||| FLEEEEING.
 12077 | Lair:5   | 12077 ||| STAIRDANCE
 12141 | Lair:5   | 12141 ||| STAIRDANCE
 12146 | Lair:4   | Gained mutation: Your large and strong wings let you fly.
                  | [Gargoyle growth]
 12146 | Lair:4   | Reached XP level 14. HP: 86/94 MP: 21/21
 12277 | Lair:5   | 12277 ||| SWAPPING to +6 longbow of the Badger {heavy,
                  | rElec rF+}.
 12278 | Lair:5   | 12278 ||| DROPPING +10 orcbow "Meg Xexa" {freeze, Str+4
                  | SInv}.
 12287 | Lair:5   | 12287 ||| INVOKING Heroism.
 12288 | Lair:5   | 12288 ||| INVOKING Finesse.
 12361 | Lair:5   | 12361 ||| INVOKING Heroism.
 12364 | Lair:5   | Received a gift from Okawaru
 12398 | Lair:5   | 12398 ||| INVOKING Heroism.
 12502 | Lair:5   | 12502 ||| INVOKING Heroism.
 12650 | Lair:5   | 12650 ||| INVOKING Heroism.
 12651 | Lair:5   | 12651 ||| INVOKING Finesse.
 12746 | Lair:5   | 12746 ||| INVOKING Heroism.
 13034 | Lair:5   | Found a staircase to the Slime Pits.
 13059 | Lair:5   | Reached skill level 18 in Ranged Weapons
 13209 | Lair:5   | Noticed an azure jelly
 13214 | Lair:5   | 13214 ||| INVOKING Heroism.
 13217 | Lair:5   | Killed an azure jelly
 13220 | Lair:5   | 13220 ||| FLEEEEING.
 13221 | Lair:5   | 13221 ||| FLEEEEING.
 13222 | Lair:5   | 13222 ||| FLEEEEING.
 13224 | Lair:5   | 13224 ||| FLEEEEING.
 13225 | Lair:5   | 13225 ||| FLEEEEING.
 13226 | Lair:5   | 13226 ||| FLEEEEING.
 13227 | Lair:5   | 13227 ||| FLEEEEING.
 13228 | Lair:5   | 13228 ||| FLEEEEING.
 13229 | Lair:5   | 13229 ||| FLEEEEING.
 13230 | Lair:5   | 13230 ||| FLEEEEING.
 13231 | Lair:5   | 13231 ||| FLEEEEING.
 13232 | Lair:5   | 13232 ||| FLEEEEING.
 13233 | Lair:5   | 13233 ||| FLEEEEING.
 13234 | Lair:5   | 13234 ||| FLEEEEING.
 13235 | Lair:5   | 13235 ||| FLEEEEING.
 13236 | Lair:5   | 13236 ||| FLEEEEING.
 13237 | Lair:5   | 13237 ||| FLEEEEING.
 13238 | Lair:5   | 13238 ||| FLEEEEING.
 13239 | Lair:5   | 13239 ||| FLEEEEING.
 13240 | Lair:5   | 13240 ||| FLEEEEING.
 13241 | Lair:5   | 13241 ||| FLEEEEING.
 13242 | Lair:5   | 13242 ||| FLEEEEING.
 13243 | Lair:5   | 13243 ||| FLEEEEING.
 13244 | Lair:5   | 13244 ||| FLEEEEING.
 13245 | Lair:5   | 13245 ||| FLEEEEING.
 13246 | Lair:5   | 13246 ||| FLEEEEING.
 13247 | Lair:5   | 13247 ||| FLEEEEING.
 13248 | Lair:5   | 13248 ||| FLEEEEING.
 13249 | Lair:5   | 13249 ||| FLEEEEING.
 13250 | Lair:5   | 13250 ||| STAIRDANCE
 13388 | Lair:4   | 13388 ||| READING 9 scrolls of identify.
 13388 | Lair:4   | 13388 ||| IDENTIFYING glowing pink potion
 13598 | Lair:5   | 13598 ||| PLANNING D:1-11
 13729 | D:10     | Entered Level 10 of the Dungeon
 13788 | D:10     | 13788 ||| INVOKING Heroism.
 13789 | D:10     | 13789 ||| INVOKING Finesse.
 13890 | D:10     | Found a viscous altar of Jiyva.
 14033 | D:10     | Noticed Snorg
 14034 | D:10     | 14034 ||| INVOKING Heroism.
 14035 | D:10     | 14035 ||| INVOKING Finesse.
 14038 | D:10     | Killed Snorg
 14078 | D:10     | Identified the +9 war axe of Foul Odours {distort, rElec}
 14174 | D:10     | 14174 ||| UPGRADING to +1 troll leather armour {Snorg}.
 14242 | D:10     | Identified the +2 trident "Yfaun" {elec, rC+ rCorr Str+2}
 14258 | D:10     | Found a hide-covered altar of Uskayaw.
 14334 | D:10     | Found a snail-covered altar of Cheibriados.
 14498 | D:10     | 14498 ||| READING scroll labelled VANUSO WOS GAUH.
 14499 | D:10     | 14499 ||| READING 9 scrolls of identify.
 14499 | D:10     | 14499 ||| IDENTIFYING fizzy emerald potion
 14500 | D:10     | 14500 ||| DROPPING potion of brilliance.
 14554 | D:11     | Found Vybame's General Store.
 14555 | D:11     | Found Yvaha's Weapon Shop.
 14564 | D:11     | Noticed Josephine
 14571 | D:11     | 14571 ||| FLEEEEING.
 14573 | D:11     | 14573 ||| FLEEEEING.
 14579 | D:11     | Killed Josephine
 14579 | D:11     | Identified the +9 plate armour "Gucy" {rC+} (Okawaru gifted
                  | it to you on level 11 of the Dungeon)
 14579 | D:11     | Received a gift from Okawaru
 14592 | D:11     | Reached XP level 15. HP: 98/98 MP: 22/22
 14611 | D:11     | 14611 ||| DROPPING +0 orcbow.
 14637 | D:11     | Found Uhofud's Assorted Antiques.
 14647 | D:11     | 14647 ||| BUYING scroll of enchant armour (187 gold).
 14647 | D:11     | Bought a scroll of enchant armour for 187 gold pieces
 14647 | D:11     | 14647 ||| READING scroll of enchant armour.
 14647 | D:11     | 14647 ||| ENCHANTING +0 cloak.
 14698 | D:11     | 14698 ||| BUYING 2 scrolls of identify (60 gold).
 14698 | D:11     | Bought 2 scrolls of identify for 60 gold pieces
 14698 | D:11     | 14698 ||| BUYING scroll of teleportation (45 gold).
 14698 | D:11     | Bought a scroll of teleportation for 45 gold pieces
 14714 | D:11     | Found Retume's Book Shoppe.
 14778 | D:11     | Noticed qw's ghost (journeyman GrHu)
 14855 | D:11     | Found a runed translucent gate.
 14856 | D:11     | Found a runed translucent gate.
 14858 | D:11     | Found a runed translucent gate.
 14862 | D:11     | Noticed Psyche
 14867 | D:11     | Killed Psyche
 14900 | D:11     | Found Fooz's Assorted Antiques.
 14907 | D:11     | 14907 ||| BUYING 3 scrolls labelled WOOZUA WIESTU (81
                  | gold).
 14907 | D:11     | Bought 3 scrolls labelled WOOZUA WIESTU for 81 gold pieces
 14907 | D:11     | 14907 ||| BUYING potion of heal wounds (135 gold).
 14907 | D:11     | Bought a potion of heal wounds for 135 gold pieces
 14907 | D:11     | 14907 ||| BUYING white potion (24 gold).
 14907 | D:11     | Bought a white potion for 24 gold pieces
 15050 | D:11     | 15050 ||| READING 3 scrolls labelled WOOZUA WIESTU.
 15051 | D:11     | 15051 ||| PLANNING D
 15069 | D:11     | 15069 ||| DRINKING 2 purple potions.
 15070 | D:11     | 15070 ||| READING 10 scrolls of identify.
 15070 | D:11     | 15070 ||| IDENTIFYING white potion
 15071 | D:11     | 15071 ||| DROPPING 2 scrolls of torment.
 15194 | D:12     | 15194 ||| Stepping ~*~*~tactically~*~*~ (outnumbered).
 15200 | D:12     | 15200 ||| Stepping ~*~*~tactically~*~*~ (outnumbered).
 15203 | D:12     | 15203 ||| Stepping ~*~*~tactically~*~*~ (outnumbered).
 15223 | D:12     | Found a staircase to the Orcish Mines.
 15781 | D:13     | 15781 ||| INVOKING Heroism.
 16073 | D:13     | 16073 ||| UPGRADING to +0 pair of boots.
 16194 | D:13     | 16194 ||| READING scroll of enchant armour.
 16194 | D:13     | 16194 ||| ENCHANTING +0 pair of boots.
 16305 | D:13     | Found a gate to the Vaults.
 16389 | D:13     | 16389 ||| UPGRADING to amulet of the acrobat.
 16421 | D:14     | 16421 ||| INVOKING Heroism.
 16425 | D:14     | 16425 ||| STAIRDANCE
 16469 | D:14     | 16469 ||| INVOKING Heroism.
 16634 | D:14     | Found a transporter.
 16651 | D:14     | Noticed Lupuqaw's ghost (journeyman GrFi)
 16688 | D:14     | Found a transporter.
 17024 | D:14     | You are sucked into a shaft and drop 1 floor!
 17024 | D:15     | Entered Level 15 of the Dungeon
 17175 | D:15     | Noticed Jorgrun
 17176 | D:15     | 17176 ||| INVOKING Heroism.
 17184 | D:15     | Killed Jorgrun
 17242 | D:15     | 17242 ||| UPGRADING to ring of resist corrosion.
 17285 | D:14     | Identified the ring "Myl Vuown" {rC+ rCorr SInv}
 17423 | D:14     | 17423 ||| UPGRADING to ring "Myl Vuown" {rC+ rCorr SInv}.
 17425 | D:14     | 17425 ||| REMOVING ring of resist corrosion.
 17426 | D:14     | 17426 ||| UPGRADING to +4 ring of slaying {mikee}.
 17547 | D:15     | Found a large runed translucent door.
 17548 | D:15     | Found a large runed translucent door.
 17554 | D:15     | 17554 ||| INVOKING Heroism.
 17614 | D:15     | 17614 ||| INVOKING Heroism.
 17674 | D:15     | 17674 ||| INVOKING Heroism.
 17729 | D:15     | Found a staircase to the Depths.
 17785 | D:15     | 17785 ||| INVOKING Heroism.
 17809 | D:15     | 17809 ||| Stepping ~*~*~tactically~*~*~ (outnumbered).
 17918 | D:15     | Found a burning altar of Makhleb.
 17925 | D:15     | Identified the +9 falchion of the Postmodern Portals
                  | {freeze, *Noise rElec rPois rN++}
 18218 | D:15     | Noticed AyAyRon's ghost (adept DsFi)
 18225 | D:15     | 18225 ||| PLANNING ORC
 18263 | D:15     | 18263 ||| PLANNING D
 18302 | D:15     | 18302 ||| PLANNING ORC
 18316 | D:15     | 18316 ||| PLANNING D
 18329 | D:15     | 18329 ||| PLANNING ORC
 18354 | D:15     | 18354 ||| PLANNING D
 18381 | D:15     | 18381 ||| PLANNING ORC
 18429 | D:15     | 18429 ||| PLANNING D
 18476 | D:15     | 18476 ||| PLANNING ORC
 18503 | D:15     | 18503 ||| PLANNING D
 18532 | D:15     | 18532 ||| PLANNING ORC
 18572 | D:15     | 18572 ||| PLANNING D
 18614 | D:15     | 18614 ||| PLANNING ORC
 18666 | D:15     | 18666 ||| PLANNING D
 18720 | D:15     | 18720 ||| PLANNING ORC
 18769 | D:15     | 18769 ||| PLANNING D
 18820 | D:15     | 18820 ||| PLANNING ORC
 18869 | D:15     | 18869 ||| PLANNING D
 18920 | D:15     | 18920 ||| PLANNING ORC
 19063 | Orc:1    | Entered Level 1 of the Orcish Mines
 19113 | Orc:1    | 19113 ||| INVOKING Heroism.
 19185 | Orc:1    | 19185 ||| Stepping ~*~*~tactically~*~*~ (outnumbered).
 19320 | Orc:2    | Entered Level 2 of the Orcish Mines
 19323 | Orc:2    | 19323 ||| STAIRDANCE
 19499 | Orc:2    | 19499 ||| INVOKING Heroism.
 19517 | Orc:2    | 19517 ||| INVOKING Heroism.
 19520 | Orc:2    | Reached skill level 14 in Fighting
 19750 | Orc:1    | 19750 ||| Stepping ~*~*~tactically~*~*~ (outnumbered).
 19752 | Orc:1    | 19752 ||| Stepping ~*~*~tactically~*~*~ (outnumbered).
 19899 | Orc:2    | 19899 ||| INVOKING Heroism.
 19977 | Orc:2    | Found Xuehyc's Weapon Boutique.
 19978 | Orc:2    | 19978 ||| INVOKING Heroism.
 19984 | Orc:2    | Reached XP level 16. HP: 107/107 MP: 21/23
 19998 | Orc:2    | 19998 ||| BUYING +6 heavy arbalest (601 gold).
 19998 | Orc:2    | Bought a +6 heavy arbalest for 601 gold pieces
 19998 | Orc:2    | 19998 ||| DROPPING +0 arbalest.
 20006 | Orc:2    | Found Xoimurch's Weapon Shop.
 20012 | Orc:2    | 20012 ||| INVOKING Heroism.
 20014 | Orc:2    | Reached skill level 15 in Fighting
 20344 | Orc:2    | 20344 ||| INVOKING Heroism.
 20430 | Orc:2    | 20430 ||| INVOKING Heroism.
 20431 | Orc:2    | 20431 ||| Stepping ~*~*~tactically~*~*~ (outnumbered).
 20432 | Orc:2    | 20432 ||| Stepping ~*~*~tactically~*~*~ (outnumbered).
 20445 | Orc:2    | 20445 ||| Stepping ~*~*~tactically~*~*~ (outnumbered).
 20519 | Orc:2    | Found a staircase to the Elven Halls.
 20601 | Orc:2    | 20601 ||| Stepping ~*~*~tactically~*~*~ (outnumbered).
 20603 | Orc:2    | 20603 ||| Stepping ~*~*~tactically~*~*~ (outnumbered).
 20605 | Orc:2    | 20605 ||| Stepping ~*~*~tactically~*~*~ (outnumbered).
 20607 | Orc:2    | 20607 ||| Stepping ~*~*~tactically~*~*~ (outnumbered).
 20626 | Orc:2    | 20626 ||| FLEEEEING.
 20627 | Orc:2    | 20627 ||| FLEEEEING.
 20628 | Orc:2    | 20628 ||| FLEEEEING.
 20629 | Orc:2    | 20629 ||| FLEEEEING.
 20630 | Orc:2    | 20630 ||| FLEEEEING.
 20631 | Orc:2    | 20631 ||| FLEEEEING.
 20632 | Orc:2    | 20632 ||| FLEEEEING.
 20636 | Orc:2    | 20636 ||| Stepping ~*~*~tactically~*~*~ (outnumbered).
 20643 | Orc:2    | 20643 ||| FLEEEEING.
 20644 | Orc:2    | 20644 ||| FLEEEEING.
 20645 | Orc:2    | 20645 ||| FLEEEEING.
 20646 | Orc:2    | 20646 ||| FLEEEEING.
 20647 | Orc:2    | 20647 ||| FLEEEEING.
 20648 | Orc:2    | 20648 ||| FLEEEEING.
 20649 | Orc:2    | 20649 ||| FLEEEEING.
 20650 | Orc:2    | 20650 ||| FLEEEEING.
 20651 | Orc:2    | 20651 ||| FLEEEEING.
 20652 | Orc:2    | 20652 ||| FLEEEEING.
 20653 | Orc:2    | 20653 ||| FLEEEEING.
 20654 | Orc:2    | 20654 ||| FLEEEEING.
 20655 | Orc:2    | 20655 ||| FLEEEEING.
 20656 | Orc:2    | 20656 ||| FLEEEEING.
 20661 | Orc:2    | 20661 ||| INVOKING Heroism.
 20725 | Orc:2    | Reached skill level 9 in Dodging
 20887 | Orc:2    | Found Zopek's General Store.
 20896 | Orc:2    | 20896 ||| BUYING potion of attraction (33 gold).
 20896 | Orc:2    | Bought a potion of attraction for 33 gold pieces
 20896 | Orc:2    | 20896 ||| BUYING potion of curing (33 gold).
 20896 | Orc:2    | Bought a potion of curing for 33 gold pieces
 20912 | Orc:2    | 20912 ||| INVOKING Heroism.
 20967 | Orc:2    | Found Anatt's Jewellery Boutique.
 20977 | Orc:2    | 20977 ||| BUYING +5 ring of evasion (576 gold).
 20977 | Orc:2    | Bought a +5 ring of evasion for 576 gold pieces
 20977 | Orc:2    | 20977 ||| SHOPLISTING amulet "Garraj" {Reflect Int+2 Dex+4
                  | SH+5} (793 gold, have 614).
 20977 | Orc:2    | 20977 ||| SHOPLISTING amulet of faith (640 gold, have 614).
 20977 | Orc:2    | 20977 ||| BUYING amulet of reflection (480 gold).
 20977 | Orc:2    | Bought an amulet of reflection for 480 gold pieces
 20977 | Orc:2    | 20977 ||| SHOPLISTING ring "Ynonn" {Drain Will+ rCorr Int+5
                  | Stlth+} (644 gold, have 134).
 20977 | Orc:2    | 20977 ||| SHOPLISTING ring of Descent {Will+ rCorr Str+6}
                  | (723 gold, have 134).
 20997 | Orc:2    | 20997 ||| INVOKING Heroism.
 21017 | Orc:2    | 21017 ||| PLANNING SNAKE:1-3
 21017 | Orc:2    | 21017 ||| UPGRADING to amulet of reflection.
 21027 | Orc:2    | 21027 ||| DROPPING amulet of the acrobat.
 21028 | Orc:2    | 21028 ||| DROPPING ring of fire.
 21029 | Orc:2    | 21029 ||| UPGRADING to +5 ring of evasion.
 21296 | Snake:1  | Entered Level 1 of the Snake Pit
 21359 | Snake:1  | 21359 ||| Stepping ~*~*~tactically~*~*~ (outnumbered).
 21366 | Snake:1  | 21366 ||| INVOKING Heroism.
 21377 | Snake:1  | Reached skill level 9 in Armour
 21399 | Snake:1  | 21399 ||| DROPPING +6 heavy arbalest.
 21499 | Snake:1  | 21499 ||| READING scroll of enchant armour.
 21499 | Snake:1  | 21499 ||| ENCHANTING +1 pair of boots.
 21600 | Snake:1  | Noticed Aizul
 21601 | Snake:1  | 21601 ||| INVOKING Heroism.
 21608 | Snake:1  | Killed Aizul
 21666 | Snake:1  | Noticed Mlioglotl
 21667 | Snake:1  | 21667 ||| INVOKING Heroism.
 21673 | Snake:1  | Killed Mlioglotl
 21831 | Snake:1  | 21831 ||| INVOKING Heroism.
 21836 | Snake:1  | Noticed Rupert
 21836 | Snake:1  | 21836 ||| INVOKING Finesse.
 21847 | Snake:1  | Reached skill level 16 in Fighting
 21853 | Snake:1  | Killed Rupert
 22240 | Snake:1  | 22240 ||| UPGRADING to amulet of faith.
 22484 | Snake:2  | Identified the +3 chain mail of Amorality {rPois rF+}
                  | (Okawaru gifted it to you on level 2 of the Snake Pit)
 22484 | Snake:2  | Received a gift from Okawaru
 22511 | Snake:2  | Reached skill level 17 in Fighting
 22609 | Snake:2  | 22609 ||| INVOKING Heroism.
 22617 | Snake:2  | 22617 ||| Stepping ~*~*~tactically~*~*~ (outnumbered).
 22618 | Snake:2  | 22618 ||| Stepping ~*~*~tactically~*~*~ (outnumbered).
 22640 | Snake:2  | HP: 26/112 [naga sharpshooter/arrow (16)]
 22641 | Snake:2  | 22641 ||| READING 8 scrolls of teleportation.
 22642 | Snake:2  | 22642 ||| DRINKING 6 potions of heal wounds.
 22713 | Snake:2  | 22713 ||| INVOKING Heroism.
 22727 | Snake:2  | 22727 ||| Stepping ~*~*~tactically~*~*~ (outnumbered).
 22739 | Snake:2  | 22739 ||| Stepping ~*~*~tactically~*~*~ (outnumbered).
 22852 | Snake:2  | 22852 ||| INVOKING Heroism.
 22856 | Snake:2  | Reached XP level 17. HP: 117/117 MP: 21/24
 22873 | Snake:2  | 22873 ||| READING scroll of enchant armour.
 22873 | Snake:2  | 22873 ||| ENCHANTING +1 cloak.
 22977 | Snake:2  | 22977 ||| INVOKING Heroism.
 23114 | Snake:2  | Found Biqosaus's Jewellery Boutique.
 23114 | Snake:2  | Found Guseasuh's Book Shoppe.
 23115 | Snake:2  | Found Qosarate's Book Shoppe.
 23125 | Snake:2  | 23125 ||| SHOPLISTING amulet "Susaobba" {Acrobat rF+ Int+4
                  | Slay-3} (756 gold, have 274).
 23125 | Snake:2  | 23125 ||| SHOPLISTING ring "Fajuneir" {Wiz rPois rC+ Str-3}
                  | (796 gold, have 274).
 23125 | Snake:2  | 23125 ||| SHOPLISTING ring "Meiruc" {rN+ MP+9 EV+5 Str+4}
                  | (1415 gold, have 274).
 23125 | Snake:2  | 23125 ||| SHOPLISTING ring of protection from cold (475
                  | gold, have 274).
 23216 | Snake:2  | 23216 ||| READING scroll labelled ECLESE EKIOF.
 23216 | Snake:2  | Identified a scroll of acquirement
 23216 | Snake:2  | 23216 ||| ACQUIRING 504 gold pieces
 23216 | Snake:2  | Acquired 504 gold pieces
 23261 | Snake:3  | 23261 ||| STAIRDANCE
 23270 | Snake:2  | 23270 ||| INVOKING Heroism.
 23353 | Snake:3  | 23353 ||| Stepping ~*~*~tactically~*~*~ (outnumbered).
 23355 | Snake:3  | 23355 ||| Stepping ~*~*~tactically~*~*~ (outnumbered).
 23357 | Snake:3  | 23357 ||| Stepping ~*~*~tactically~*~*~ (outnumbered).
 23359 | Snake:3  | 23359 ||| Stepping ~*~*~tactically~*~*~ (outnumbered).
 23361 | Snake:3  | 23361 ||| Stepping ~*~*~tactically~*~*~ (outnumbered).
 23398 | Snake:3  | 23398 ||| Stepping ~*~*~tactically~*~*~ (outnumbered).
 23400 | Snake:3  | 23400 ||| Stepping ~*~*~tactically~*~*~ (outnumbered).
 23402 | Snake:3  | 23402 ||| Stepping ~*~*~tactically~*~*~ (outnumbered).
 23404 | Snake:3  | 23404 ||| Stepping ~*~*~tactically~*~*~ (outnumbered).
 23443 | Snake:3  | Identified the +1 robe of the Kangaroo {-Tele Harm Rampage
                  | rF+} (Okawaru gifted it to you on level 3 of the Snake Pit)
 23443 | Snake:3  | Received a gift from Okawaru
 23505 | Snake:3  | Reached skill level 18 in Fighting
 23507 | Snake:3  | 23507 ||| STAIRDANCE
 23520 | Snake:2  | 23520 ||| DROPPING +1 robe of the Kangaroo {-Tele Harm
                  | Rampage rF+}.
 23568 | Snake:3  | 23568 ||| INVOKING Heroism.
 23569 | Snake:3  | 23569 ||| Stepping ~*~*~tactically~*~*~ (outnumbered).
 23622 | Snake:3  | 23622 ||| INVOKING Heroism.
 23640 | Snake:3  | Found Nofiom's Book Emporium.
 23680 | Snake:3  | 23680 ||| INVOKING Heroism.
 23916 | Snake:3  | 23916 ||| INVOKING Heroism.
 24126 | Snake:3  | 24126 ||| Stepping ~*~*~tactically~*~*~ (outnumbered).
 24128 | Snake:3  | 24128 ||| Stepping ~*~*~tactically~*~*~ (outnumbered).
 24129 | Snake:3  | 24129 ||| Stepping ~*~*~tactically~*~*~ (outnumbered).
 24131 | Snake:3  | 24131 ||| Stepping ~*~*~tactically~*~*~ (outnumbered).
 24133 | Snake:3  | 24133 ||| Stepping ~*~*~tactically~*~*~ (outnumbered).
 24136 | Snake:3  | 24136 ||| Stepping ~*~*~tactically~*~*~ (outnumbered).
 24140 | Snake:3  | 24140 ||| Stepping ~*~*~tactically~*~*~ (outnumbered).
 24142 | Snake:3  | 24142 ||| Stepping ~*~*~tactically~*~*~ (outnumbered).
 24202 | Snake:3  | 24202 ||| PLANNING SHOALS:1-3
 24202 | Snake:3  | 24202 ||| DROPPING +6 ring of strength.
 24340 | Shoals:1 | Entered Level 1 of the Shoals
 24365 | Shoals:1 | 24365 ||| Stepping ~*~*~tactically~*~*~ (outnumbered).
 24368 | Shoals:1 | 24368 ||| Stepping ~*~*~tactically~*~*~ (outnumbered).
 24462 | Shoals:1 | Received a gift from Okawaru
 24469 | Shoals:1 | Found a frozen archway.
 24495 | Shoals:1 | Identified the +5 trident of Wyxakucw {elec, rC- rN+ Dex+2}
 25167 | Shoals:2 | 25167 ||| INVOKING Heroism.
 25168 | Shoals:2 | 25168 ||| INVOKING Finesse.
 25322 | Shoals:2 | 25322 ||| INVOKING Heroism.
 25338 | Shoals:2 | 25338 ||| INVOKING Heroism.
 25461 | Shoals:2 | 25461 ||| INVOKING Heroism.
 25509 | Shoals:2 | You are sucked into a shaft and drop 1 floor!
 25568 | Shoals:3 | Reached skill level 19 in Fighting
 25574 | Shoals:3 | 25574 ||| DROPPING ring of wizardry.
 25586 | Shoals:2 | 25586 ||| INVOKING Heroism.
 25587 | Shoals:2 | 25587 ||| INVOKING Finesse.
 25604 | Shoals:2 | Noticed Polyphemus
 25610 | Shoals:2 | Killed Polyphemus
 25628 | Shoals:2 | Reached XP level 18. HP: 128/128 MP: 22/25
 25673 | Shoals:2 | 25673 ||| INVOKING Heroism.
 25677 | Shoals:2 | 25677 ||| Stepping ~*~*~tactically~*~*~ (outnumbered).
 25683 | Shoals:2 | Noticed Ilsuiw
 25684 | Shoals:2 | 25684 ||| INVOKING Finesse.
 25693 | Shoals:2 | Killed Ilsuiw
 25771 | Shoals:2 | 25771 ||| Stepping ~*~*~tactically~*~*~ (outnumbered).
 25933 | Shoals:2 | Found a runed translucent door.
 25936 | Shoals:2 | Identified the +2 ring mail of Darghah {Contam *Slow rElec
                  | rF+++}
 26057 | Shoals:3 | Noticed Nikola
 26058 | Shoals:3 | 26058 ||| INVOKING Heroism.
 26059 | Shoals:3 | 26059 ||| INVOKING Finesse.
 26073 | Shoals:3 | Killed Nikola
 26214 | Shoals:3 | 26214 ||| INVOKING Heroism.
 26236 | Shoals:3 | 26236 ||| INVOKING Finesse.
 26256 | Shoals:3 | Reached skill level 20 in Fighting
 26268 | Shoals:3 | 26268 ||| INVOKING Heroism.
 26418 | Shoals:3 | 26418 ||| INVOKING Heroism.
 26821 | Shoals:3 | 26821 ||| PLANNING SNAKE:4
 26821 | Shoals:3 | 26821 ||| DROPPING +2 cloak.
 27046 | Snake:4  | Entered Level 4 of the Snake Pit
 27047 | Snake:4  | 27047 ||| INVOKING Heroism.
 27129 | Snake:4  | 27129 ||| INVOKING Heroism.
 27285 | Snake:4  | 27285 ||| INVOKING Heroism.
 27288 | Snake:4  | Reached skill level 12 in Dodging
 27318 | Snake:4  | 27318 ||| INVOKING Heroism.
 27319 | Snake:4  | 27319 ||| Stepping ~*~*~tactically~*~*~ (outnumbered).
 27320 | Snake:4  | 27320 ||| Stepping ~*~*~tactically~*~*~ (outnumbered).
 27341 | Snake:4  | HP: 30/129 [naga sharpshooter/bolt (19)]
 27342 | Snake:4  | 27342 ||| READING 7 scrolls of teleportation.
 27343 | Snake:4  | 27343 ||| DRINKING 6 potions of heal wounds.
 27344 | Snake:4  | 27344 ||| DRINKING 5 potions of heal wounds.
 27421 | Snake:4  | 27421 ||| INVOKING Heroism.
 27645 | Snake:4  | 27645 ||| INVOKING Heroism.
 27651 | Snake:4  | HP: 28/129 [anaconda (9)]
 27652 | Snake:4  | 27652 ||| READING 6 scrolls of teleportation.
 27653 | Snake:4  | 27653 ||| DRINKING 4 potions of heal wounds.
 27653 | Snake:4  | HP: 11/129 [naga warrior/+0 mace (15)]
 27654 | Snake:4  | 27654 ||| DRINKING 3 potions of heal wounds.
 27654 | Snake:4  | HP: 4/129 [naga warrior/+0 mace (29)]
 27655 | Snake:4  | 27655 ||| DRINKING 2 potions of heal wounds.
 27656 | Snake:4  | 27656 ||| DRINKING potion of heal wounds.
 27673 | Snake:4  | Reached skill level 12 in Armour
 27676 | Snake:4  | HP: 31/129 [guardian serpent (7)]
 27677 | Snake:4  | 27677 ||| READING 5 scrolls of teleportation.
 27678 | Snake:4  | 27678 ||| INVOKING Heroism.
 27681 | Snake:4  | HP: 32/129 [nagaraja/poison arrow (8)]
 27682 | Snake:4  | 27682 ||| READING 4 scrolls of teleportation.
 27829 | Snake:4  | 27829 ||| INVOKING Heroism.
 27876 | Snake:4  | 27876 ||| INVOKING Heroism.
 27933 | Snake:4  | 27933 ||| INVOKING Heroism.
 27957 | Snake:4  | Identified the +2 kite shield of the Armadillo {+Inv rC+++
                  | Int-5 Dex-2} (Okawaru gifted it to you on level 4 of the
                  | Snake Pit)
 27957 | Snake:4  | Received a gift from Okawaru
 27968 | Snake:4  | 27968 ||| INVOKING Heroism.
 27992 | Snake:4  | Got a serpentine rune of Zot
 28053 | Snake:4  | 28053 ||| PLANNING VAULTS:1-4
 28053 | Snake:4  | 28053 ||| DROPPING +1 cloak.
 28351 | Vaults:1 | Entered Level 1 of the Vaults
 28382 | Vaults:1 | 28382 ||| INVOKING Heroism.
 28385 | Vaults:1 | HP: 31/131 [deep troll[an ironbound preserver] (12)]
 28386 | Vaults:1 | 28386 ||| READING 3 scrolls of teleportation.
 28387 | Vaults:1 | HP: 10/131 [deep troll[an ironbound preserver] (11)]
 28389 | Vaults:1 | 28389 ||| FLEEEEING.
 28390 | Vaults:1 | 28390 ||| FLEEEEING.
 28391 | Vaults:1 | 28391 ||| FLEEEEING.
 28393 | Vaults:1 | Reached skill level 21 in Fighting
 28396 | Vaults:1 | 28396 ||| READING 2 scrolls of teleportation.
 28439 | Vaults:1 | 28439 ||| INVOKING Heroism.
 28568 | Vaults:1 | Reached XP level 19. HP: 106/137 MP: 26/26
 28635 | Vaults:1 | 28635 ||| INVOKING Heroism.
 28636 | Vaults:1 | 28636 ||| INVOKING Finesse.
 28697 | Vaults:1 | 28697 ||| INVOKING Heroism.
 28708 | Vaults:1 | HP: 33/137 [deep troll[an ironbound preserver] (11)]
 28709 | Vaults:1 | 28709 ||| READING scroll of teleportation.
 28709 | Vaults:1 | HP: 11/137 [deep troll[an ironbound preserver] (18)]
 28710 | Vaults:1 | Slain by a deep troll

Levels and vault maps discovered:
D:1:      heliophobic_arrival_enchanted_forest, layout_basic
D:2:      layout_basic, palyth_stone_intersect, minmay_misc_feat_roman,
          minmay_tromino_mix6, uniq_terence, uniq_sigmund
D:3:      layout_loops_ring, mainiacjoe_overflow_catwalk_spiral,
          portal_sewer_entry_a, minmay_misc_feat_enclosed, serial_park_tiny_pond
D:4:      layout_loops_cross, temple_pool_b, uniq_duvessa, uniq_robin
D:5:      layout_cave_pools, minmay_misc_feat_tiny, uniq_eustachio
D:6:      layout_basic, uniq_menkaure
D:7:      layout_basic, zin_academy, lemuel_coloured_pillars_altar,
          biasface_ghost_orc_armoury, uniq_prince_ribbit1
D:8:      hellmonk_destroyed_diamonds, layout_rooms,
          mainiacjoe_overflow_surrounded_room,
          mainiacjoe_overflow_six_doors_small, minmay_stone_trees_small
D:9:      layout_roguey, trog_book, lair_entry_dummy,
          chequers_serial_rivers_room_a, hex_intersection
D:10:     layout_stronghold, amcnicky_altar_gilded,
          mainiacjoe_overflow_boulevard, minivault_15, minmay_misc_feat_five,
          jiyva_altar_1, uniq_snorg
D:11:     layout_cave_pools, gammafunk_ghost_icy, serial_shops,
          nicolae_shop_tiny_glass, shop, nicolae_stop_n_shop_1,
          nicolae_shop_dealshenge, shop, uniq_psyche, uniq_josephine
D:12:     layout_roguey, hiddenorc2_lemuel
D:13:     layout_cross, david_vaults_1
D:14:     layout_irregular_city, minmay_misc_feat_tower,
          gammafunk_ghost_berserking_beasts, minmay_nine_imps
D:15:     grunt_enter_depths_magical_seal, layout_basic, bloody_makhleb,
          ebering_ghost_disaster_area, statue_in_the_mist_lemuel, uniq_jorgrun
Temple:   hellmonk_temple_divided_pantheon
Lair:1:   layout_small_grid, nzn_ghost_randoct, lemuel_fruit_fields,
          serial_bayou_shore_a, grunt_megastairs_2
Lair:2:   layout_layer_cave, elwin_shoals_entry_stream,
          eino_small_chamber_without_monster, hibernation_bobbens,
          infiniplex_staircase_pool_2, grunt_megastairs_1, uniq_sonja
Lair:3:   layout_cellular_growth, minmay_snake_entry_guardpost_medium,
          serial_bayou, serial_bayou_lagoon_a, serial_bayou_pond_a,
          serial_bayou_pond_b, serial_bayou_pond_e, lemuel_fruit_tree,
          lemuel_fruit_fields
Lair:4:   layout_cave_pods, serial_bayou_shore_b
Lair:5:   gammafunk_lair_ancient_temple, layout_regular_city,
          minmay_slime_entry_eyes, nicolae_lair_time_for_slime
Shoals:1: layout_shoals, portal_ice_cave_entry_pillars_three,
          nicolae_shoals_lost_giant_pillars
Shoals:2: nicolae_shoals_offshore_bank_account, layout_shoals, uniq_ilsuiw,
          uniq_polyphemus
Shoals:3: layout_shoals, nicolae_shoals_nautilus_by_nature,
          nicolae_shoals_water_shrine, uniq_nikola
Snake:1:  layout_cave_shapes, uniq_mlioglotl, uniq_rupert, uniq_aizul
Snake:2:  layout_grid_shapes, serial_bayou_shore_b, minmay_shop_grove
Snake:3:  layout_gridlike, serial_shops, shop
Snake:4:  grunt_snake_rune_pools, layout_rooms
Orc:1:    layout_diamond_mine
Orc:2:    pubby_orc_utopia
Vaults:1: vaults_dpeg_hooks, v_pattern_5, nicolae_vaults_tangram_1,
          nicolae_vaults_sightless_eye, v_misc_13, layout_vaults_omnigrid,
          serial_shops, nicolae_shop_waterfront

Skill      XL: |  1  2  3  4  5  6  7  8  9 10 11 12 13 14 15 16 17 18 |
---------------+-------------------------------------------------------+-----
Ranged Weapons | 6 8 9 11 12 13 16 18 20 | 20.0
Fighting       | 3 4 5 6 9 10 13 14 17 19 21 | 21.0
Armour         | 1 3 6 8 9 11 12 | 12.0
Dodging        | 2 3 4 5 7 8 10 11 12 | 12.9
Invocations    | 2 4 7 10 | 10.0
Stealth        | |  1.1

Action                     |  1- 3 |  4- 6 |  7- 9 | 10-12 | 13-15 | 16-18 | 19-21 || total
---------------------------+-------+-------+-------+-------+-------+-------+-------++-------
   Fire: Shortbow          |    97 |       |       |       |       |       |       ||    97
         Orcbow            |    18 |    77 |   188 |   370 |   325 |       |       ||   978
         Longbow           |       |       |       |       |   713 |  1203 |    42 ||  1958
 Invoke: Heroism           |       |       |     8 |    11 |    30 |    42 |     2 ||    93
         Finesse           |       |       |       |     3 |     5 |     6 |     1 ||    15
    Use: Potion            |     2 |     1 |     4 |     2 |     1 |     7 |       ||    17
         Scroll            |       |    10 |     9 |     4 |     8 |    10 |     1 ||    42
 Armour: Leather armour    |    24 |    14 |     3 |       |    74 |       |       ||   115
         Ring mail         |       |       |    28 |       |       |       |       ||    28
         Robe              |       |       |       |    33 |     7 |       |       ||    40
         Troll leather arm |       |       |       |       |   116 |   324 |    65 ||   505
         Skin              |       |       |       |       |     2 |       |       ||     2
  Dodge: Dodged            |    28 |    21 |    33 |    89 |   373 |  1044 |   225 ||  1813
  Block: Other             |       |       |       |       |       |     8 |       ||     8
         Reflection        |       |       |       |       |       |     2 |       ||     2

Table legend:
 A = Non-vault XP
 B = Vault XP
 C = Vault XP percentage of total XP
 D = Non-vault monster count
 E = Vault monster count
 F = Vault count percentage of total count
                 A         B        C        D         E       F
            +---------+---------+-------+---------+---------+-------
      Total |  223681 |  103107 |  31.6 |     720 |     380 |  34.5
            +---------+---------+-------+---------+---------+-------
        D:1 |      54 |       0 |   0.0 |      31 |       0 |   0.0
        D:2 |      35 |     267 |  88.4 |      15 |       5 |  25.0
        D:3 |      55 |      35 |  38.9 |      20 |       6 |  23.1
        D:4 |     102 |     253 |  71.3 |      11 |      14 |  56.0
        D:5 |     343 |     197 |  36.5 |       9 |       1 |  10.0
        D:6 |     741 |     172 |  18.8 |      15 |       1 |   6.2
        D:7 |     414 |     268 |  39.3 |      12 |       1 |   7.7
        D:8 |    1545 |       0 |   0.0 |      21 |       0 |   0.0
        D:9 |    2857 |       0 |   0.0 |      40 |       0 |   0.0
       D:10 |    1939 |    1792 |  48.0 |      17 |       6 |  26.1
       D:11 |    2253 |    1939 |  46.3 |      15 |       5 |  25.0
       D:12 |    2146 |     332 |  13.4 |       5 |      32 |  86.5
       D:13 |    3723 |    1806 |  32.7 |      13 |       3 |  18.8
       D:14 |    5718 |     289 |   4.8 |      12 |       9 |  42.9
       D:15 |    6951 |    6134 |  46.9 |      30 |      11 |  26.8
     Lair:1 |   12683 |    4084 |  24.4 |      42 |       8 |  16.0
     Lair:2 |   13302 |    3873 |  22.6 |      38 |       8 |  17.4
     Lair:3 |    3160 |    1418 |  31.0 |      19 |       9 |  32.1
     Lair:4 |    3580 |     210 |   5.5 |      11 |       1 |   8.3
     Lair:5 |   16399 |   14656 |  47.2 |      41 |      37 |  47.4
   Shoals:1 |   15178 |       0 |   0.0 |      32 |       0 |   0.0
   Shoals:2 |    9551 |    8365 |  46.7 |      22 |       9 |  29.0
   Shoals:3 |   11777 |    6161 |  34.3 |      25 |       9 |  26.5
    Snake:1 |   12264 |    4814 |  28.2 |      23 |       3 |  11.5
    Snake:2 |   31745 |       0 |   0.0 |      63 |       0 |   0.0
    Snake:3 |   25149 |       0 |   0.0 |      52 |       0 |   0.0
    Snake:4 |   16927 |   24330 |  59.0 |      33 |      35 |  51.5
      Orc:1 |    3227 |     158 |   4.7 |      27 |       8 |  22.9
      Orc:2 |       0 |   21413 | 100.0 |       0 |     151 | 100.0
   Vaults:1 |   19863 |       0 |   0.0 |      26 |       0 |   0.0
      Sewer |       0 |     141 | 100.0 |       0 |       8 | 100.0
            +---------+---------+-------+---------+---------+-------
